TOP OF THE 1ST |
Georgetown Hoyas batting - Pitching for Mississippi Rebels : RHP Tim Adams
|
Pitching: RHP Tim Adams
|
|
Batting: LHB Ken Bullard
|
0-0: Ball 1-0: Ball 2-0: Foul Ball, location: 2F 2-1: SINGLE (Groundball, 4M)
|
Batting: RHB Gilberto Ferrer
|
0-0: Called Strike 0-1: Ball 1-1: Ball 2-1: Swinging Strike 2-2: Ball 3-2: Strikes out swinging Ken Bullard is caught stealing 2nd base Batter strikes out.
|
Batting: LHB Miguel Barrón
|
0-0: Ball 1-0: Fly out, F8 (Flyball, 8LM)
|
Top of the 1st over - 0 run(s), 1 hit(s), 0 error(s), 0 left on base; Georgetown 0 - Mississippi 0 |
BOTTOM OF THE 1ST |
Mississippi Rebels batting - Pitching for Georgetown Hoyas : RHP Walt Wolfe
|
Pitching: RHP Walt Wolfe
|
|
Batting: LHB Walt Ward
|
0-0: Swinging Strike 0-1: Called Strike 0-2: Foul Ball, location: 2F 0-2: Ball 1-2: Strikes out swinging
|
Batting: RHB Justin Johnson
|
0-0: Called Strike 0-1: Ball 1-1: Ball 2-1: Foul Ball, location: 2F 2-2: Strikes out swinging
|
Batting: RHB Rodney González
|
0-0: Swinging Strike 0-1: Ball 1-1: Ball 2-1: Ground out 1-3 (Groundball, 13)
|
Bottom of the 1st over - 0 run(s), 0 hit(s), 0 error(s), 0 left on base; Georgetown 0 - Mississippi 0 |
TOP OF THE 2ND |
Georgetown Hoyas batting - Pitching for Mississippi Rebels : RHP Tim Adams
|
Batting: LHB Alan McGilroy
|
0-0: Ball 1-0: Ball 2-0: Ball 3-0: Called Strike 3-1: Foul Ball, location: 2F 3-2: Ground out U3 (Groundball, 3S)
|
Batting: SHB Jeffrey MacNeill
|
0-0: Ball 1-0: Ground out 4-3 (Groundball, 34)
|
Batting: LHB Tim Rose
|
0-0: Called Strike 0-1: Ball 1-1: Ball 2-1: Ball 3-1: Bunted foul 3-2: Strikes out swinging
|
Top of the 2nd over - 0 run(s), 0 hit(s), 0 error(s), 0 left on base; Georgetown 0 - Mississippi 0 |
BOTTOM OF THE 2ND |
Mississippi Rebels batting - Pitching for Georgetown Hoyas : RHP Walt Wolfe
|
Batting: LHB Gavin O'Keefe
|
0-0: Ball 1-0: Ball 2-0: Ball 3-0: Base on Balls
|
Batting: RHB Anthony Stanley
|
0-0: Ball 1-0: Called Strike Gavin O'Keefe steals 2nd base 1-1: Called Strike 1-2: Ground out 3-4 (Groundball, 3S) Gavin O'Keefe to third
|
Batting: RHB Norm Richardson
|
0-0: Ball 1-0: Swinging Strike 1-1: Fly out, F9 (Flyball, 9S)
|
Batting: RHB Alejandro Ruíz
|
0-0: Called Strike 0-1: Fly out, F8 (Flyball, 8RXD)
|
Bottom of the 2nd over - 0 run(s), 0 hit(s), 0 error(s), 1 left on base; Georgetown 0 - Mississippi 0 |
TOP OF THE 3RD |
Georgetown Hoyas batting - Pitching for Mississippi Rebels : RHP Tim Adams
|
Batting: LHB José De La Cruz
|
0-0: Called Strike 0-1: Swinging Strike 0-2: Foul Ball, location: 2F 0-2: Foul Ball, location: 2F 0-2: Ball 1-2: Foul Ball, location: 2F 1-2: Strikes out swinging
|
Batting: SHB Edward Weber
|
0-0: Ball 1-0: Ball 2-0: Fly out, F8 (Flyball, 8RM)
|
Batting: RHB Ron King
|
0-0: Called Strike 0-1: Ball 1-1: Ball 2-1: Fly out, F8 (Flyball, 8LD)
|
Top of the 3rd over - 0 run(s), 0 hit(s), 0 error(s), 0 left on base; Georgetown 0 - Mississippi 0 |
BOTTOM OF THE 3RD |
Mississippi Rebels batting - Pitching for Georgetown Hoyas : RHP Walt Wolfe
|
Batting: LHB Todd Anderson
|
0-0: Ball 1-0: Foul Ball, location: 2F 1-1: Bunt missed! 1-2: SINGLE (Groundball, 3D)
|
Batting: LHB Roger Warren
|
0-0: Ball 1-0: Called Strike 1-1: Swinging Strike 1-2: Fly out, F8 (Flyball, 8LM)
|
Batting: LHB Walt Ward
|
0-0: Foul Ball, location: 2F 0-1: Ball 1-1: Ball 2-1: Ball 3-1: Base on Balls Todd Anderson to second
|
Batting: RHB Justin Johnson
|
0-0: Ball 1-0: Ball 2-0: Called Strike 2-1: Called Strike 2-2: Ball 3-2: Foul Ball, location: 2F 3-2: Foul Ball, location: 2F 3-2: Foul Ball, location: 2F 3-2: Base on Balls Todd Anderson to third Walt Ward to second
|
Batting: RHB Rodney González
|
0-0: Ball 1-0: Ball 2-0: Ball 3-0: Base on Balls Todd Anderson scores Walt Ward to third Justin Johnson to second
|
Batting: LHB Gavin O'Keefe
|
0-0: Ball 1-0: Ball 2-0: Ball 3-0: Base on Balls Walt Ward scores Justin Johnson to third Rodney González to second
|
Batting: RHB Anthony Stanley
|
0-0: Called Strike 0-1: Ball 1-1: Ball 2-1: Foul Ball, location: 2F 2-2: Foul Ball, location: 2F 2-2: Ball 3-2: Strikes out swinging
|
Batting: RHB Norm Richardson
|
0-0: Called Strike 0-1: Ball 1-1: GRAND SLAM HOME RUN (Flyball, 7LD), Distance : 322 ft
|
Batting: RHB Alejandro Ruíz
|
0-0: Swinging Strike 0-1: Fly out, F9 (Line Drive, 9LS)
|
Bottom of the 3rd over - 6 run(s), 2 hit(s), 0 error(s), 0 left on base; Georgetown 0 - Mississippi 6 |
TOP OF THE 4TH |
Georgetown Hoyas batting - Pitching for Mississippi Rebels : RHP Tim Adams
|
Batting: LHB Ken Bullard
|
0-0: Reached on error, E4 (Groundball, 4)
|
Batting: RHB Gilberto Ferrer
|
0-0: Ball 1-0: Called Strike 1-1: SINGLE (Groundball, 5L) Ken Bullard to second
|
Batting: LHB Miguel Barrón
|
0-0: Ball 1-0: Ball 2-0: Fly out, F7 (Flyball, 7M)
|
Batting: LHB Alan McGilroy
|
0-0: Called Strike 0-1: Ball 1-1: Swinging Strike 1-2: Grounds into double play, 4-6-3 (Groundball, 4)
|
Top of the 4th over - 0 run(s), 1 hit(s), 1 error(s), 1 left on base; Georgetown 0 - Mississippi 6 |
BOTTOM OF THE 4TH |
Mississippi Rebels batting - Pitching for Georgetown Hoyas : RHP Walt Wolfe
|
Batting: LHB Todd Anderson
|
0-0: Swinging Strike 0-1: Called Strike 0-2: Strikes out swinging
|
Batting: LHB Roger Warren
|
0-0: Fly out, F7 (Flyball, 78M)
|
Batting: LHB Walt Ward
|
0-0: Called Strike 0-1: Called Strike 0-2: Ball 1-2: Ball 2-2: Foul Ball, location: 2F 2-2: Ball 3-2: Strikes out swinging
|
Bottom of the 4th over - 0 run(s), 0 hit(s), 0 error(s), 0 left on base; Georgetown 0 - Mississippi 6 |
TOP OF THE 5TH |
Georgetown Hoyas batting - Pitching for Mississippi Rebels : RHP Tim Adams
|
Batting: SHB Jeffrey MacNeill
|
0-0: Ball 1-0: Called Strike 1-1: Fly out, F8 (Flyball, 78S)
|
Batting: LHB Tim Rose
|
0-0: Ball 1-0: Ball 2-0: Called Strike 2-1: Ball 3-1: Base on Balls
|
Batting: LHB José De La Cruz
|
0-0: Ball 1-0: Ball 2-0: Called Strike 2-1: Grounds into double play, 4-6-3 (Groundball, 34)
|
Top of the 5th over - 0 run(s), 0 hit(s), 0 error(s), 0 left on base; Georgetown 0 - Mississippi 6 |
BOTTOM OF THE 5TH |
Mississippi Rebels batting - Pitching for Georgetown Hoyas : RHP Walt Wolfe
|
Pitching: RHP William López
|
|
Batting: RHB Justin Johnson
|
0-0: Ground out 1-3 (Groundball, 13S)
|
Batting: RHB Rodney González
|
0-0: Foul Ball, location: 2F 0-1: Ball 1-1: Ball 2-1: Ball 3-1: Swinging Strike 3-2: Base on Balls
|
Batting: LHB Gavin O'Keefe
|
0-0: Called Strike 0-1: Ball 1-1: Ball Rodney González is caught stealing 2nd base 2-1: Ball 3-1: Foul Ball, location: 2F 3-2: Base on Balls
|
Batting: RHB Anthony Stanley
|
0-0: Ball 1-0: SINGLE (Groundball, 34D) Gavin O'Keefe to second Runner from 2nd tries for 3rd, OUT!
|
Bottom of the 5th over - 0 run(s), 1 hit(s), 0 error(s), 1 left on base; Georgetown 0 - Mississippi 6 |
TOP OF THE 6TH |
Georgetown Hoyas batting - Pitching for Mississippi Rebels : RHP Tim Adams
|
Batting: SHB Edward Weber
|
0-0: Fly out, F7 (Flyball, 7M)
|
Batting: RHB Ron King
|
0-0: Called Strike 0-1: Ball 1-1: Foul Ball, location: 2F 1-2: Ball 2-2: Ball 3-2: Ground out 5-3 (Groundball, 5S)
|
Batting: LHB Ken Bullard
|
0-0: Ball 1-0: Ball 2-0: Fly out, F4 (Popup, 4MD)
|
Top of the 6th over - 0 run(s), 0 hit(s), 0 error(s), 0 left on base; Georgetown 0 - Mississippi 6 |
BOTTOM OF THE 6TH |
Mississippi Rebels batting - Pitching for Georgetown Hoyas : RHP William López
|
Batting: RHB Norm Richardson
|
0-0: Called Strike 0-1: Foul Ball, location: 2F 0-2: Strikes out swinging
|
Batting: RHB Alejandro Ruíz
|
0-0: Ball 1-0: Ball 2-0: Ball 3-0: Base on Balls
|
Batting: LHB Todd Anderson
|
0-0: Ball 1-0: Called Strike 1-1: Called Strike 1-2: Strikes out swinging
|
Batting: LHB Roger Warren
|
0-0: Ball 1-0: Ball 2-0: Called Strike 2-1: Called Strike 2-2: Strikes out looking
|
Bottom of the 6th over - 0 run(s), 0 hit(s), 0 error(s), 1 left on base; Georgetown 0 - Mississippi 6 |
TOP OF THE 7TH |
Georgetown Hoyas batting - Pitching for Mississippi Rebels : RHP Tim Adams
|
Batting: RHB Gilberto Ferrer
|
0-0: Ball 1-0: Ball 2-0: Foul Ball, location: 2F 2-1: Foul Ball, location: 2F 2-2: Ball 3-2: Foul Ball, location: 2F 3-2: Foul Ball, location: 2F 3-2: Base on Balls
|
Pitching: RHP Willis Springer
|
|
Batting: LHB Miguel Barrón
|
0-0: Ball 1-0: Ball 2-0: Ball 3-0: Called Strike 3-1: Base on Balls Gilberto Ferrer to second
|
Batting: LHB Alan McGilroy
|
0-0: Ball 1-0: Foul Ball, location: 2F 1-1: Ball 2-1: Ball 3-1: Foul Ball, location: 2F 3-2: Base on Balls Gilberto Ferrer to third Miguel Barrón to second
|
Batting: SHB Jeffrey MacNeill
|
0-0: SINGLE (Flyball, 9S) Gilberto Ferrer scores Miguel Barrón to third Alan McGilroy to second
|
Batting: LHB Tim Rose
|
0-0: Foul Ball, location: 2F 0-1: Called Strike 0-2: Ball 1-2: Strikes out swinging
|
Batting: LHB José De La Cruz
|
0-0: Ball 1-0: Ball 2-0: Called Strike 2-1: Ball 3-1: Base on Balls Miguel Barrón scores Alan McGilroy to third Jeffrey MacNeill to second
|
Batting: SHB Edward Weber
|
0-0: Ball 1-0: Called Strike 1-1: Called Strike 1-2: Foul Ball, location: 2F 1-2: DOUBLE (Line Drive, 7LM) Alan McGilroy scores Jeffrey MacNeill scores José De La Cruz to third Runner from 3rd tries for Home, SAFE, throw made at trailing runner, SAFE at third!
|
Pitching: RHP Patrick Moore
|
|
Batting: RHB Ron King
|
0-0: Ball 1-0: Called Strike 1-1: Called Strike 1-2: Ground out 5-3 (Groundball, 5L)
|
Batting: LHB Ken Bullard
|
0-0: Ground out 3-1 (Groundball, 34)
|
Top of the 7th over - 5 run(s), 2 hit(s), 0 error(s), 1 left on base; Georgetown 5 - Mississippi 6 |
BOTTOM OF THE 7TH |
Mississippi Rebels batting - Pitching for Georgetown Hoyas : RHP William López
|
Pitching: RHP Irving McGee
|
|
Batting: LHB Walt Ward
|
0-0: Called Strike 0-1: Ball 1-1: Foul Ball, location: 2F 1-2: Strikes out swinging
|
Batting: RHB Justin Johnson
|
0-0: Ball 1-0: Called Strike 1-1: Ball 2-1: Called Strike 2-2: Ball 3-2: Base on Balls
|
Batting: RHB Rodney González
|
0-0: Ball 1-0: Fly out, F2 (Popup, 25F)
|
Batting: LHB Gavin O'Keefe
|
0-0: Called Strike 0-1: Called Strike 0-2: Strikes out swinging
|
Bottom of the 7th over - 0 run(s), 0 hit(s), 0 error(s), 1 left on base; Georgetown 5 - Mississippi 6 |
TOP OF THE 8TH |
Georgetown Hoyas batting - Pitching for Mississippi Rebels : RHP Patrick Moore
|
Pitching: RHP Neil Hamilton
|
|
Now in CF: Joe Phelps
|
|
Batting: RHB Gilberto Ferrer
|
0-0: Ball 1-0: Swinging Strike 1-1: Foul Ball, location: 2F 1-2: Ball 2-2: Ball 3-2: Strikes out swinging
|
Pitching: LHP Chris Riddle
|
|
Batting: LHB Miguel Barrón
|
0-0: Ball 1-0: Reached on error, E1 (Groundball, 25)
|
Batting: LHB Alan McGilroy
|
0-0: Swinging Strike 0-1: Ball 1-1: Foul Ball, location: 2F 1-2: Strikes out swinging
|
Batting: SHB Jeffrey MacNeill
|
0-0: Called Strike 0-1: Fly out, F8 (Flyball, 8RS)
|
Top of the 8th over - 0 run(s), 0 hit(s), 1 error(s), 1 left on base; Georgetown 5 - Mississippi 6 |
BOTTOM OF THE 8TH |
Mississippi Rebels batting - Pitching for Georgetown Hoyas : RHP Irving McGee
|
Batting: RHB Anthony Stanley
|
0-0: Ball 1-0: Fly out, F7 (Flyball, 7LD)
|
Batting: RHB Norm Richardson
|
0-0: Called Strike 0-1: SINGLE (Groundball, 56D)
|
Batting: RHB Alejandro Ruíz
|
0-0: Ball 1-0: Called Strike 1-1: Ball 2-1: Foul Ball, location: 2F 2-2: Ball 3-2: Strikes out swinging
|
Batting: LHB Todd Anderson
|
0-0: Called Strike 0-1: Fly out, F8 (Flyball, 8LM)
|
Bottom of the 8th over - 0 run(s), 1 hit(s), 0 error(s), 1 left on base; Georgetown 5 - Mississippi 6 |
TOP OF THE 9TH |
Georgetown Hoyas batting - Pitching for Mississippi Rebels : LHP Chris Riddle
|
Pitching: RHP Bob Martin
|
|
Batting: LHB Tim Rose
|
0-0: Called Strike 0-1: Ground out 6-3 (Groundball, 6M)
|
Batting: LHB José De La Cruz
|
0-0: Called Strike 0-1: Swinging Strike 0-2: Ground out 6-3 (Groundball, 6)
|
Batting: SHB Edward Weber
|
0-0: Called Strike 0-1: Ball 1-1: Called Strike 1-2: Ball 2-2: Strikes out swinging
|
Top of the 9th over - 0 run(s), 0 hit(s), 0 error(s), 0 left on base; Georgetown 5 - Mississippi 6 |
|